 Dungeon Sprint DCSS version 0.30-a0-4-ga7cffc901d (webtiles) character file.

Game seed: 18301182687423468878

116 Conn the Firebug (level 5, -5/31 HPs)
             Began as an Octopode Fire Elementalist on Aug 21, 2022.
             Slain by a scorpion (6 damage)
             ... in the Dungeon (Sprint II: "The Violet Keep of Menkaure").
             The game lasted 00:01:10 (45 turns).

Conn the Firebug (Octopode Fire Elementalist)         Turns: 45, Time: 00:01:11

Health: -5/31      AC:  1    Str:  7    XL:     5   Next: 0%
Magic:  0/11       EV: 14    Int: 20    God:
Gold:   0          SH:  0    Dex: 12    Spells: 11/12 levels left

rFire   . . .      SeeInvis .    (no weapon)
rCold   . . .      Faith    .    (no shield)
rNeg    . . .      Spirit   .    (helmet restricted)
rPois   .          Reflect  .    (no amulet)
rElec   .          Harm     .    (no ring)
rCorr   .          Rampage  .    (no ring)
Will    .....      NoTele   +    (no ring)
Stlth   +++++.....               (no ring)
HPRegen 0.10/turn                (no ring)
MPRegen 0.12/turn                (no ring)
                                 (no ring)
                                 (no ring)

@: on berserk cooldown, hasted and slowed
A: almost no armour, amphibious, 8 rings, camouflage 1, gelatinous body 1,
nimble swimmer 1, tentacles
a: no special abilities


You were in the Dungeon.
You visited 1 branch

Inventory:

Potions
 a - 3 potions of magic


   Skills:
 + Level 3.8 Dodging
 + Level 4.9 Stealth
 + Level 0.1 Unarmed Combat
 + Level 4.3 Spellcasting
 + Level 1.7 Conjurations
 + Level 7.4 Fire Magic


You had 11 spell levels left.
You knew the following spells:

 Your Spells              Type           Power      Damage    Failure   Level
a - Foxfire               Conj/Fire      88%        2x1d8     1%          1

Your spell library contained the following spells:

 Spells                   Type           Power      Damage    Failure   Level
 Scorch                   Fire           68%        2d8       1%          2
 Conjure Flame            Conj/Fire      22%        6-21      5%          3
 Inner Flame              Hex/Fire       19%        N/A       9%          3
 Flame Wave               Conj/Fire      22%        2d8       19%         4


Dungeon Overview and Level Annotations

Branches:
Dungeon (1/1)

Altars:

Shops:
D (?=*[:(!*?

Annotations:
D Menkaure


Innate Abilities, Weirdness & Mutations

You cannot wear most types of armour.
You are amphibious.
You can wear up to eight rings at the same time.
Your skin changes colour to match your surroundings (Stealth+).
Your rubbery body absorbs attacks. (AC +1, EV +1)
You are camouflaged when in or above water. (Stealth+)
You have tentacles for arms and can constrict up to eight enemies at once.


Message History

The scorpion stings you.
* * * LOW HITPOINT WARNING * * *
The scorpion stings you.
* * * LOW HITPOINT WARNING * * *
You feel much better.
You constrict the scorpion. The scorpion stings you! The scorpion stings you.
You are poisoned.
The scorpion poisons you!
You feel better.
You constrict the scorpion, but do no damage.
The scorpion stings you!
* * * LOW HITPOINT WARNING * * *
The scorpion barely misses you.
Casting: Foxfire (safe; 1% risk of failure)
Confirm with . or Enter, or press ? or * to list all spells.
You conjure some foxfire!
You constrict the scorpion, but do no damage.
The scorpion closely misses you. The scorpion misses you.
You tentacle-slap the scorpion but do no damage.
The scorpion is heavily wounded.
You constrict the scorpion.
The foxfire hits the scorpion but does no damage.
The scorpion is heavily wounded.
The scorpion misses you. The scorpion stings you!
* * * LOW HITPOINT WARNING * * *
Okay, then.
Blink to where?
Press: ? - help, Dir - move target You lose your grip on the scorpion.
As you read the scroll of blinking, it crumbles to dust.
You open the door.
Found eight shops.
There is an open door here.
The scorpion attacks as you move away! The scorpion closely misses you.
Menkaure, Prince of Dust comes into view.
Found 81 gold pieces.
Found Keinauz's Magic Scroll Shop and Sisy's Antique Weapon Boutique.
Menkaure shouts!
The scorpion attacks as you move away! The scorpion stings you.
You die...

########~~#+++
#######~~~...
......#~~~~.##
.....∩#~~~M##.
∩...∩.#~~~ ww##
.∩.∩.∩#~~### .$# #
∩.∩...#~##.# #+# .##
.∩.∩..#@#..###.##$B.#
..⌠...+~s##$s†<.+#
......#~#..###§##.B.#
▓▓▓▓###~##.# #+# .##
$######~~### .#. # s
##~ l# #l + ## ##


You could see a redback (asleep), Menkaure and a scorpion.

Vanquished Creatures
  2 scorpions (D)
2 creatures vanquished.

Vanquished Creatures (others)
  5 foxfires (D)
5 creatures vanquished.

Grand Total: 7 creatures vanquished

Notes
Turn   | Place    | Note
-------+----------+-------------------------------------------
     0 | D        | Conn the Octopode Fire Elementalist began the quest for the
                  | Orb.
     0 | D        | Reached XP level 1. HP: 11/11 MP: 3/3
     1 | D        | Noticed a boulder beetle
     1 | D        | Noticed a boulder beetle
     8 | D        | Noticed a wyvern
     8 | D        | Noticed a wyvern
    11 | D        | Noticed a scorpion
    11 | D        | Noticed a scorpion
    20 | D        | Killed a scorpion
    21 | D        | Reached skill level 6 in Fire Magic
    21 | D        | Reached XP level 2. HP: 17/17 MP: 0/6
    21 | D        | Reached XP level 3. HP: 21/21 MP: 0/8
    21 | D        | Reached XP level 4. HP: 27/27 MP: 0/9
    22 | D        | Killed a scorpion
    23 | D        | Reached skill level 7 in Fire Magic
    23 | D        | Reached XP level 5. HP: 31/31 MP: 0/11
    36 | D        | HP: 1/31 [scorpion (6)]
    43 | D        | Found Xemm's Antique Weapon Shop.
    43 | D        | Found Zyotz's Assorted Antiques.
    43 | D        | Found Tuthri Meagg's Antique Armour Boutique.
    43 | D        | Found Fesauxye's Magic Scroll Shop.
    43 | D        | Found Goczao's Book Boutique.
    43 | D        | Found Pienk's Jewellery Shop.
    43 | D        | Found Tedass's Distillery.
    43 | D        | Found Vunwiczo's General Store.
    44 | D        | Found Keinauz's Magic Scroll Shop.
    44 | D        | Found Sisy's Antique Weapon Boutique.
    44 | D        | Noticed Menkaure
    44 | D        | Noticed a redback
    45 | D        | Slain by a scorpion

Illustrated notes

Levels and vault maps discovered:
D:        the_violet_keep_of_menkaure [sprint2_stairs_cluster_1,
          sprint2_shoproom, sprint2_temple, sprint2_basic_supplies,
          sprint2_obstacle_4, sprint2_obstacle_6, sprint2_obstacle_1,
          sprint2_obstacle_7, sprint2_obstacle_2, sprint2_timed_cluster_1,
          sprint2_smallroom_cluster_1, sprint2_smallroom_final_cluster_1,
          sprint2_transparent_cluster_1, sprint2_second_timed_cluster_1,
          sprint2_sniper_area_1, sprint2_heavy_combat_area_1,
          sprint2_mutation_trap_area_1, sprint2_forest_area_1,
          sprint2_light_combat_area_1, sprint2_behind_water_1,
          sprint2_near_end_vault_1]

Skill      XL: |  1  2  3  4 |
---------------+-------------+-----
Dodging        | 3 |  3.8
Stealth        | 4 |  4.9
Spellcasting   | 3 4 |  4.3
Fire Magic     | 6 7 |  7.4
Unarmed Combat | |  0.1
Conjurations   | |  1.7

Action                   |  1- 3 |  4- 6 || total
-------------------------+-------+-------++-------
Melee: Unarmed           |     3 |    10 ||    13
       Tentacles         |     1 |     4 ||     5
       Constrict         |       |     4 ||     4
 Cast: Foxfire           |     2 |     2 ||     4
  Use: Potion            |     2 |     2 ||     4
       Scroll            |       |     1 ||     1
Armor: Skin              |       |     1 ||     1
Dodge: Dodged            |       |    14 ||    14

Table legend: (Time is in decaauts)
 A = Elapsed time spent in this place.
 B = Non-inter-level travel time spent in this place.
 C = Inter-level travel time spent in this place.
 D = Time resting spent in this place.
 E = Time spent auto-exploring this place.
 F = Levels seen in this place.
 G = Mean time per level.
                   A        B        C        D        E       F      G
               +--------+--------+--------+--------+--------+-----+--------+
         Total |     40 |     40 |      0 |      0 |      0 |   1 |   40.0 |
       Dungeon |     40 |     40 |      0 |      0 |      0 |   1 |   40.0 |
               +--------+--------+--------+--------+--------+-----+--------+

Top non-repeatable levels by time:
       D: 40 daAuts
